 Dungeon Crawl Stone Soup version 0.27.1-4-g1640c2035a (webtiles) character file.

Game seed: 13997492212873614074

198 raph the Grave Robber (level 6, 0/44 HPs)
             Began as a Human Necromancer on Nov 6, 2021.
             Slain by a wyvern zombie (8 damage)
             ... on level 3 of the Dungeon.
             The game lasted 00:07:52 (3700 turns).

raph the Grave Robber (Human Necromancer)           Turns: 3700, Time: 00:07:53

Health: 0/44       AC:  7    Str:  8    XL:     6   Next: 5%
Magic:  10/10      EV: 12    Int: 18    God:
Gold:   61         SH:  0    Dex: 13    Spells: 4/10 levels left

rFire    . . .     SeeInvis .   a - +1 dagger (pain)
rCold    . . .     Faith    .   (no shield)
rNeg     . . .     Spirit   .   d - +0 leather armour
rPois    .         Reflect  .   (no helmet)
rElec    .         Harm     .   (no cloak)
rCorr    .         Rampage  .   (no gloves)
Will     .....                  (no boots)
Stlth    ++........             (no amulet)
HPRegen  0.14/turn              o - +4 ring of protection
MPRegen  0.12/turn              (no ring)

@: no status effects
A: no striking features
a: no special abilities


You were on level 3 of the Dungeon.
You visited 1 branch of the dungeon, and saw 3 of its levels.

You collected 61 gold pieces.

Inventory:

Hand Weapons
 a - a +1 dagger of pain (weapon)
 c - a +0 hand axe
 p - a +0 rapier
Armour
 d - a +0 leather armour (worn)
 k - a +0 robe
Magical Staves
 b - a staff of death
Jewellery
 o - a +4 ring of protection (left hand)
Wands
 e - a wand of charming (8)
Scrolls
 g - 2 scrolls of blinking {unknown}
 h - a scroll of identify {unknown}
 m - a scroll of fear {unknown}
 n - a scroll of teleportation {unknown}
 q - a scroll of holy word {unknown}
 r - a scroll of torment {unknown}
Potions
 f - a potion of ambrosia {unknown}
 i - 2 potions of curing {unknown}
 j - 4 potions of lignification {unknown}
 l - a potion of heal wounds {unknown}


   Skills:
 + Level 1.8 Fighting
 * Level 0.2 Short Blades
 + Level 2.9 Dodging
 + Level 3.1 Stealth
 + Level 2.7 Spellcasting
 * Level 5.1 Necromancy


You had 4 spell levels left.
You knew the following spells:

 Your Spells              Type           Power      Damage    Failure   Level
a - Pain                  Necr           80%        1d8       3%          1
b - Animate Skeleton      Necr           40%        N/A       3%          1
c - Vampiric Draining     Necr           10%        2d7       9%          3
d - Corona                Hex            2%         N/A       24%         1

Your spell library contained the following spells:

 Spells                   Type           Power      Damage    Failure   Level
 Animate Dead             Necr           10%        N/A       30%         4
 Ensorcelled Hibernation  Hex/Ice        4%         N/A       36%         2
 Tukima's Dance           Hex            2%         N/A       58%         3
 Agony                    Necr           20%        N/A       63%         5


Dungeon Overview and Level Annotations

Branches:
Dungeon (3/15)

Altars:
Zin


Message History

You hit the wyvern zombie.
The wyvern zombie is lightly damaged.
The wyvern zombie bites you but does no damage.
You hit the wyvern zombie but do no damage.
The wyvern zombie is lightly damaged.
The wyvern zombie bites you but does no damage.
The wyvern zombie bites you!
You hit the wyvern zombie but do no damage.
The wyvern zombie is lightly damaged.
The wyvern zombie barely misses you.
You hit the wyvern zombie but do no damage.
The wyvern zombie is lightly damaged.
The wyvern zombie bites you but does no damage.
You hit the wyvern zombie but do no damage.
The wyvern zombie is lightly damaged.
The wyvern zombie bites you.
You hit the wyvern zombie but do no damage.
The wyvern zombie is lightly damaged.
The wyvern zombie bites you. The wyvern zombie closely misses you.
You barely miss the wyvern zombie.
The wyvern zombie is lightly damaged.
The wyvern zombie closely misses you.
You hit the wyvern zombie but do no damage.
The wyvern zombie is lightly damaged.
The wyvern zombie bites you but does no damage.
You hit the wyvern zombie.
The wyvern zombie is lightly damaged.
The wyvern zombie bites you. The wyvern zombie barely misses you.
You hit the wyvern zombie.
The wyvern zombie is lightly damaged.
The wyvern zombie bites you but does no damage.
You hit the wyvern zombie.
The wyvern zombie is lightly damaged.
The wyvern zombie bites you. The wyvern zombie bites you!
* * * LOW HITPOINT WARNING * * *
You see here a +0 dagger.
You see here a +0 robe.
The wyvern zombie bites you!
You die...

#.##..........# #K#
#.##..........###o#
#.##...#..........#
#.##†.##.##...#####
#.##..##.##...#
#.##..........#####.###
#....###'###...........
###.##.....##.......###
#.#.@#.#..#.#########
#.+.#Z#.#.+..........
#.#..#)#..#.#########
#.##.....##..
#..###'###...
#............#
#...........##
#############


You could see a wyvern zombie.

Vanquished Creatures
  Ijyb (D:3)
  An iguana (D:3)
  6 gnolls
  2 adders
  A worm (D:3)
  8 ball pythons
  6 bats
  4 endoplasms (D:1)
  2 giant cockroaches
  7 goblins
  4 hobgoblins
  6 quokkas
  3 frilled lizards
  5 kobolds
  5 rats
61 creatures vanquished.

Vanquished Creatures (collateral kills)
  A gnoll (D:2)
1 creature vanquished.

Vanquished Creatures (others)
  7 plants (D:1)
7 creatures vanquished.

Grand Total: 69 creatures vanquished

Notes
Turn   | Place    | Note
-------+----------+-------------------------------------------
     0 | D:1      | raph the Human Necromancer began the quest for the Orb.
     0 | D:1      | Reached XP level 1. HP: 13/13 MP: 3/3
    83 | D:1      | Learned a level 1 spell: Animate Skeleton
   101 | D:1      | Reached XP level 2. HP: 16/20 MP: 0/5
   982 | D:1      | Reached XP level 3. HP: 24/25 MP: 4/6
   986 | D:1      | Learned a level 3 spell: Vampiric Draining
  1395 | D:1      | Found a faded altar of an unknown god.
  1606 | D:1      | Reached skill level 1 in Fighting
  1988 | D:2      | Found a glowing silver altar of Zin.
  2020 | D:2      | Reached XP level 4. HP: 27/32 MP: 2/7
  2444 | D:1      | Reached XP level 5. HP: 35/37 MP: 2/8
  3071 | D:3      | Reached skill level 5 in Necromancy
  3381 | D:3      | Identified a scroll of acquirement
  3381 | D:3      | Acquired a staff of death
  3398 | D:3      | Noticed Ijyb
  3407 | D:3      | Killed Ijyb
  3557 | D:3      | Learned a level 1 spell: Corona
  3654 | D:3      | Reached XP level 6. HP: 44/44 MP: 10/10
  3700 | D:3      | Slain by a wyvern zombie

Illustrated notes

Levels and vault maps discovered:
D:1:      dpeg_arrival_tiny_f, layout_loops_ring,
          ebering_ecumenical_altar_sacrificial, serial_bayou_lake_a
D:2:      layout_rooms, basic_altar
D:3:      layout_loops_ring, minmay_box_of_dots, uniq_ijyb

Skill      XL: |  1  2  3  4  5 |
---------------+----------------+-----
Fighting       | 1 |  1.8
Stealth        | 3 |  3.1
Necromancy     | 5 |  5.1
Short Blades   | |  0.2
Dodging        | |  2.9
Spellcasting   | |  2.7

Action                   |  1- 3 |  4- 6 || total
-------------------------+-------+-------++-------
Melee: Hand axe          |    12 |     3 ||    15
       Dagger            |       |    25 ||    25
       Rapier            |       |     7 ||     7
 Cast: Pain              |    57 |    51 ||   108
       Animate Skeleton  |       |     5 ||     5
       Vampiric Draining |       |     3 ||     3
  Use: Scroll            |       |     2 ||     2
 Stab: Sleeping          |       |     3 ||     3
Armor: Leather armour    |     3 |    11 ||    14
Dodge: Dodged            |    15 |    22 ||    37
